 Dungeon Crawl Stone Soup version 0.28-a0-199-g298df9dbad (webtiles) character file.

Game seed: 10022269416545024799

75794 Lochraine the Thaumaturge (level 15, -2/126 HPs)
             Began as a Purple Draconian Ice Elementalist on Aug 18, 2021.
             Was a High Priest of Kikubaaqudgha.
             Slain by a quicksilver ooze (shapeshifter) (18 damage)
             ... on level 14 of the Dungeon on Aug 19, 2021.
             The game lasted 01:51:49 (36160 turns).

Lochraine the Thaumaturge (DrIE)                   Turns: 36160, Time: 01:51:49

Health: -2/126     AC: 13    Str: 11    XL:     15   Next: 10%
Magic:  9/30       EV: 17    Int: 24    God:    Kikubaaqudgha [*****.]
Gold:   594        SH:  0    Dex: 16    Spells: 7/37 levels left

rFire   + . .      SeeInvis .   f - +5 long sword of Wisdom {spect, rF+ Int+4}
rCold   . . .      Faith    .   (no shield)
rNeg    . . .      Spirit   .   (armour unavailable)
rPois   .          Reflect  .   N - +0 hat
rElec   .          Harm     .   y - scarf {repulsion}
rCorr   +          Rampage  .   W - +2 pair of gloves {Dex+3}
Will    +++..                   X - +0 pair of boots
Stlth   +++.......              L - amulet "Zeamol" {RegenMP rCorr}
HPRegen 0.31/turn               n - ring of willpower
MPRegen 0.47/turn               P - ring of wizardry

@: engulfed (cannot breathe), repel missiles
A: breathe power, AC +9, unfitting armour, cold-blooded
a: Breathe Dispelling Energy, Renounce Religion, Receive Corpses, Torment


You were on level 14 of the Dungeon.
You worshipped Kikubaaqudgha.
Kikubaaqudgha was extremely pleased with you.
You visited 3 branches of the dungeon, and saw 20 of its levels.
You also visited: Ossuary and Gauntlet.

You collected 1465 gold pieces.
You spent 871 gold pieces at shops.

Inventory:

Hand Weapons
 f - the +5 long sword of Wisdom (weapon) {spect, rF+ Int+4}
   (You found it in a Gauntlet)

   When its wielder attacks, the weapon's spirit leaps out and strikes again.
   The spirit shares a part of any damage it takes with its wielder.
   Int:       It affects your intelligence (+4).
   rF:        It protects you from fire.
 i - a +0 short sword
   (You found it on level 2 of the Dungeon)
 A - a +1 rapier of venom
   (You took it off Duvessa on level 7 of the Dungeon)
 C - a +0 spectral quarterstaff
   (You took it off Joseph on level 8 of the Dungeon)
 E - a +4 mace
   (You took it off a wight on level 8 of the Dungeon)
 G - a +0 morningstar of draining
   (You took it off a wight on level 8 of the Dungeon)
Missiles
 j - 2 throwing nets {!f}
Armour
 y - a scarf of repulsion (worn)
   (You found it on level 6 of the Dungeon)
 N - a +0 hat (worn)
   (You found it on level 4 of the Lair of Beasts)
 W - a +2 pair of gloves of dexterity (worn)
   (You found it in a Gauntlet)
 X - a +0 pair of boots (worn)
   (You found it on level 14 of the Dungeon)
Magical Staves
 q - a staff of conjuration
   (You found it on level 7 of the Dungeon)
 J - a staff of fire
   (You found it on level 5 of the Dungeon)
Jewellery
 n - a ring of willpower (left hand)
   (You found it on level 4 of the Dungeon)
 u - a ring of protection from cold
   (You found it on level 5 of the Dungeon)
 L - the amulet "Zeamol" (around neck) {RegenMP rCorr}
   (You bought it in a shop on level 10 of the Dungeon)

   [amulet of magic regeneration]

   It increases your rate of magic regeneration.
   rCorr:     It protects you from acid and corrosion.
 P - a ring of wizardry (right hand)
   (You bought it in a shop on level 10 of the Dungeon)
 V - a ring of poison resistance
   (You found it in a Gauntlet)
Wands
 d - a wand of iceblast (35)
   (You found it on level 9 of the Dungeon)
 t - a wand of flame (25)
   (You took it off a kobold on level 9 of the Dungeon)
 v - a wand of digging (3)
   (You found it on level 4 of the Dungeon)
 x - a wand of acid (10)
   (You took it off Pikel on level 8 of the Dungeon)
 H - a wand of polymorph (33)
   (You took it off Maurice on level 8 of the Dungeon)
 Q - a wand of charming (11)
   (You found it on level 14 of the Dungeon)
Scrolls
 b - 2 scrolls of enchant armour
 m - a scroll of silence
 o - a scroll of acquirement {unknown}
 p - a scroll of magic mapping
 r - a scroll of fear {unknown}
 I - a scroll of amnesia
 S - a scroll of brand weapon {unknown}
 T - 3 scrolls of enchant weapon {unknown}
Potions
 a - 8 potions of curing {@q1}
 c - 2 potions of heal wounds {@q2}
 e - 2 potions of attraction {!q}
 g - 3 potions of mutation {!q}
 h - 6 potions of lignification {!q}
 l - 4 potions of degeneration {!q}
 s - 3 potions of brilliance
 w - a potion of ambrosia
 z - 2 potions of resistance
 B - 2 potions of invisibility
 D - 3 potions of cancellation
 K - 5 potions of flight {unknown}
 M - 2 potions of berserk rage
 O - 6 potions of haste {@q3}
 R - a potion of might
Miscellaneous
 F - a phial of floods (inert)
   (You found it on level 6 of the Lair of Beasts)
 U - a tin of tremorstones (2/2)
   (You found it in a Gauntlet)


   Skills:
 + Level 10.2 Fighting
 + Level 3.9 Long Blades
 - Level 7.5 Staves
 + Level 9.0 Dodging
 + Level 6.3 Stealth
 + Level 11.9 Spellcasting
 - Level 8.8 Conjurations
 + Level 11.3 Necromancy
 - Level 11.4 Ice Magic
 - Level 6.3 Evocations


You had 7 spell levels left.
You knew the following spells:

 Your Spells              Type           Power      Damage    Failure   Level
a - Death Channel         Necr           31%        N/A       2%          6
b - Frozen Ramparts       Ice            100%       1d12      1%          3
c - Ozocubu's Armour      Ice            62%        N/A       1%          3
e - Animate Dead          Necr           31%        N/A       1%          4
f - Dispel Undead         Necr           62%        3d22      1%          4
g - Agony                 Necr           62%        N/A       1%          5
h - Blink                 Tloc           N/A        N/A       2%          2
q - Vampiric Draining     Necr           31%        2d10      1%          3

Your spell library contained the following spells:

 Spells                   Type           Power      Damage    Failure   Level
 Foxfire                  Conj/Fire      100%       2x1d9     1%          1
 Freeze                   Ice            100%       1d11      1%          1
 Pain                     Necr           100%       1d9       1%          1
 Sandblast                Erth           28%        2d8       1%          1
 Shock                    Conj/Air       100%       1d9       1%          1
 Corpse Rot               Necr/Air       N/A        N/A       1%          2
 Sublimation of Blood     Necr           31%        N/A       1%          2
 Conjure Flame            Conj/Fire      35%        6-21      1%          3
 Hailstorm                Conj/Ice       58%        3d13      1%          4
 Excruciating Wounds      Necr           31%        N/A       1%          5
 Passwall                 Tmut/Erth      11%        N/A       2%          2
 Slow                     Hex            14%        N/A       2%          2
 Confusing Touch          Hex            14%        N/A       5%          3
 Inner Flame              Hex/Fire       14%        N/A       5%          3
 Summon Guardian Golem    Hex/Summ       14%        N/A       5%          3
 Swiftness                Air            14%        N/A       5%          3
 Airstrike                Air            7%         N/A       17%         4
 Orb of Destruction       Conj           27%        9d11      34%         7
 Lee's Rapid Deconstruct  Erth           7%         3d7*      43%         5
 Manifold Assault         Tloc           14%        N/A       43%         5
 Spellforged Servitor     Conj/Summ      17%        N/A       91%         7
 Storm Form               Tmut/Air       7%         N/A       100%        7


Dungeon Overview and Level Annotations

Branches:
Dungeon (14/15)            Temple (1/1) D:4            Lair (6/6) D:8
 Shoals (0/4) Lair:3        Snake (0/4) Lair:4        Slime (0/5) Lair:6
    Orc (0/2) D:9          Vaults (0/5) D:13        Ossuary (visited)
Gauntlet (visited)

Altars:
Ashenzari
Cheibriados
Dithmenos
Elyvilon
Fedhas
Gozag
Hepliaklqana
Kikubaaqudgha
Makhleb
Nemelex Xobeh
Okawaru
Qazlal
Ru
Sif Muna
Trog
Uskayaw
Vehumet
Wu Jian
Xom
Yredelemnul
Zin
The Shining One

Shops:
D:2 !*   D:6 :   D:10 =

Portals:
Trove: D:14 (give +3 storm dragon scales)

Annotations:
D:3 Grinder, Ijyb
D:6 exclusion: steam dragon
Lair:2 exclusion: 2 oklob plants


Innate Abilities, Weirdness & Mutations

You can breathe bolts of dispelling energy.
Your rich purple scales are hard. (AC +9)
You cannot fit into any form of body armour.
You are cold-blooded and may be slowed by cold attacks.


Message History

The wall freezes the efreet.
The efreet closely misses you.
You riposte.
You hit the efreet but do no damage.
You tail-slap the efreet, but do no damage.
Your +5 long sword of Wisdom {spect, rF+ Int+4} hits the efreet.
You hit the efreet but do no damage.
The wall freezes the efreet.
The efreet gestures at you. The bolt of fire hits you. You resist.
* * * LOW HITPOINT WARNING * * *
Your cyclops zombie hits the efreet but does no damage.
The heat melts your icy armour.
You hit the efreet.
Your +5 long sword of Wisdom {spect, rF+ Int+4} hits the efreet.
A quicksilver ooze comes into view.
The efreet is frozen!
The wall freezes the efreet.
The efreet hits you with a +2 scimitar of flaming!
* * * LOW HITPOINT WARNING * * *
The efreet burns you.
* * * LOW HITPOINT WARNING * * *
The heat melts your icy armour.
Here: a quicksilver ooze The floor.
Unknown command.
Kikubaaqudgha delivers you corpses!
Your icy armour evaporates.
The efreet is frozen!
The wall freezes the efreet!!
The efreet hits you with a +2 scimitar of flaming!
* * * LOW HITPOINT WARNING * * *
The efreet burns you.
* * * LOW HITPOINT WARNING * * *
The wall freezes the quicksilver ooze.
Your cyclops zombie barely misses the efreet.
You call on the dead to rise...
The dead are walking, flying and slithering!
The wall freezes the quicksilver ooze.
The tengu warrior drinks a potion.
The tengu warrior suddenly seems more resistant.
Your frozen ramparts will break if you move.
Continue?
You swap places.
The frozen ramparts melt away as you move.
The quicksilver ooze hits you!!
* * * LOW HITPOINT WARNING * * *
The quicksilver ooze engulfs you!
The quicksilver ooze hits you but does no damage.
Your adder zombie bites the quicksilver ooze.
You see here 3 large rocks.
You feel much better.
* * * LOW HITPOINT WARNING * * *
Your lungs strain for air!
The quicksilver ooze hits you!!
You die...
Kikubaaqudgha rasps: "You have failed me!
Welcome... death!"

#.# .. #..# #.# ...
#..# #.# .:.. °# #..#
#.## #...} .# #..#
#.#. ...} ..# #..#
#.#. #Q. °.. #..#
#.#.#R### #○# #..#
#.#ZJ##.##R# #..#
#.#ZZ@..#.# #..#
#.#(##Z[.# #..#
#.###.#.#.# #.##
#.###.#############.##
#...................##
##.####..#####..######
#.# ##.# #.## # ##.#
#.# #.# # #####..##
#.# #.#######


You could see a quicksilver ooze, a friendly adder zombie, a friendly death
knight zombie, a friendly cyclops zombie and a friendly tengu conjurer zombie.

Vanquished Creatures
  A cacodemon (Gauntlet)
  A minotaur (Gauntlet)
  Josephine (D:13)
  A boulder beetle (D:13)
  2 vault guards (D:13)
  3 catoblepae
  4 centaur warriors
  4 hydras
  A death knight (D:14)
  A merfolk avatar (Lair:6)
  2 two-headed ogres
  An alligator (Lair:1)
  3 death yaks
  2 sea snakes (Lair:6)
  2 large abominations (Gauntlet)
  A deep elf archer (D:13)
  Pikel (D:8)
  2 phantasmal warriors (D:14)
  2 wizards
  An orc knight (D:14)
  A harpy (shapeshifter) (D:14)
  8 ugly things
  5 cyclopes
  5 manticores
  Maurice (D:8)
  8 black mambas
  10 elephants
  Joseph (D:8)
  A torpor snail (Lair:4)
  A gargoyle (D:13)
  6 cane toads
  Maggie (D:9)
  3 rime drakes
  Psyche (D:10)
  A tengu conjurer (D:14)
  2 minotaur zombies (Gauntlet)
  2 freezing wraiths (D:14)
  17 komodo dragons
  3 trolls
  A merfolk (Lair:3)
  Prince Ribbit (D:7)
  A polar bear (Lair:2)
  16 blink frogs
  5 hornets
  9 slime creatures
  A snapping turtle (Lair:6)
  A shadow (D:11)
  3 wraiths
  4 vampires
  5 basilisks
  A water elemental (D:11)
  34 yaks
  8 wyverns
  A fire elemental (D:13)
  2 neqoxecs (Gauntlet)
  11 humans (D:13)
  2 steam dragons (D:11)
  Menkaure (D:7)
  A naga (Lair:4)
  13 water moccasins
  Duvessa (D:7)
  A black bear (D:6)
  5 small abominations (Gauntlet)
  4 orc warriors
  3 sky beasts (D:11)
  An ice beast (D:6)
  16 wolves
  14 centaurs
  A lemure (D:8)
  2 ogres
  2 phantoms (D:9)
  A kobold brigand (D:6)
  10 bullfrogs
  A gnoll sergeant (D:8)
  A scorpion (Lair:2)
  2 water moccasin skeletons
  Dowan (D:7)
  5 troll zombies (D:9)
  6 killer bees (D:11)
  9 wights (D:8)
  4 electric eels
  A howler monkey (D:6)
  6 centaur zombies
  2 human zombies (Ossuary)
  3 lava snakes (D:13)
  4 orc priests
  2 bullfrog skeletons
  A centaur skeleton (D:5)
  3 jellies
  3 iguanas
  4 orc wizards
  5 hell rats (Lair:2)
  3 ogre zombies (D:9)
  2 howler monkey skeletons
  A howler monkey zombie (D:5)
  4 gnolls (D:8)
  5 adders
  8 river rats (Lair:2)
  2 shadow imps (Gauntlet)
  An ufetubus (D:2)
  An adder skeleton (D:4)
  A worm (D:2)
  A dart slug (D:5)
  15 orcs
  2 bats (D:1)
  7 endoplasms
  4 giant cockroaches
  3 goblins
  7 hobgoblins
  9 jackals
  15 kobolds
  3 quokkas
  5 ball pythons
  A frilled lizard (D:2)
  2 goblin skeletons (D:9)
  4 goblin zombies (D:9)
  3 hobgoblin skeletons (D:9)
  2 hobgoblin zombies (D:9)
  3 orc skeletons (D:9)
  11 orc zombies (D:9)
  6 rats
489 creatures vanquished.

Vanquished Creatures (collateral kills)
  Snorg (D:13)
  3 hydras
  A necromancer (D:13)
  An oklob plant (Lair:5)
  3 elephants (Lair:6)
  A rime drake (Lair:6)
  A komodo dragon (Lair:6)
  A hornet (D:10)
  A queen bee (shapeshifter) (D:13)
  2 wraiths (D:13)
  4 yaks
  9 humans (D:13)
  A neqoxec (Gauntlet)
  3 water moccasins
  A centaur (D:13)
33 creatures vanquished.

Vanquished Creatures (others)
  2 bushes
  69 fungi
  77 plants
148 creatures vanquished.

Grand Total: 670 creatures vanquished

Notes
Turn   | Place    | Note
-------+----------+-------------------------------------------
     0 | D:1      | Lochraine the Draconian Ice Elementalist began the quest
                  | for the Orb.
     0 | D:1      | Reached XP level 1. HP: 14/14 MP: 3/3
    56 | D:1      | Found a faded altar of an unknown god.
   336 | D:1      | You fall into a shaft and drop 1 floor!
   352 | D:2      | Reached XP level 2. HP: 20/20 MP: 3/5
   495 | D:2      | Found Cul Ini's Assorted Antiques.
   660 | D:1      | Reached XP level 3. HP: 26/26 MP: 7/7
   794 | D:1      | Learned a level 3 spell: Frozen Ramparts
   798 | D:1      | Learned a level 3 spell: Ozocubu's Armour
  1934 | D:2      | Found Atata's Distillery.
  2391 | D:3      | Reached XP level 4. HP: 33/33 MP: 8/8
  2568 | D:3      | Reached skill level 5 in Ice Magic
  2636 | D:3      | Noticed Ijyb
  2646 | D:3      | Noticed Grinder
  2818 | D:4      | Noticed an ogre
  2854 | D:4      | Found a staircase to the Ecumenical Temple.
  2889 | Temple   | Entered the Ecumenical Temple
  3019 | Temple   | Became a worshipper of Kikubaaqudgha
  3141 | D:4      | Identified the +2 scale mail of the Moon Troll {rN+}
  3155 | D:4      | Noticed a centaur
  3358 | D:4      | Killed a centaur
  3359 | D:4      | Reached skill level 1 in Necromancy
  3359 | D:4      | Reached XP level 5. HP: 20/38 MP: 2/10
  3781 | D:4      | Reached XP level 6. HP: 19/45 MP: 0/12
  4036 | D:4      | Learned a level 3 spell: Vampiric Draining
  4474 | D:5      | Entered Level 5 of the Dungeon
  4516 | D:5      | Found a hide-covered altar of Uskayaw.
  4579 | D:5      | Noticed an ice beast
  5459 | D:6      | Your scales start taking on a rich purple colour.
  5459 | D:6      | Reached skill level 5 in Spellcasting
  5459 | D:6      | Reached XP level 7. HP: 36/50 MP: 12/15
  5550 | D:6      | Noticed a steam dragon
  5583 | D:6      | Reached skill level 1 in Evocations
  5891 | D:6      | Found Wimystyl's Book Shoppe.
  5935 | D:6      | Reached * piety under Kikubaaqudgha
  5935 | D:6      | Received a gift from Kikubaaqudgha
  6259 | D:6      | Reached XP level 8. HP: 42/57 MP: 4/17
  6856 | D:7      | Noticed Menkaure
  6869 | D:7      | Killed Menkaure
  7004 | D:7      | Noticed Prince Ribbit
  7121 | D:7      | Killed Prince Ribbit
  7612 | D:7      | Found a basalt altar of Yredelemnul.
  7665 | D:7      | Learned a level 4 spell: Hailstorm
  7670 | D:7      | Noticed Dowan
  7688 | D:7      | Killed Dowan
  7689 | D:7      | Reached skill level 5 in Necromancy
  7750 | D:7      | Noticed Duvessa
  7760 | D:7      | Killed Duvessa
  7763 | D:7      | Reached skill level 1 in Conjurations
  8841 | D:8      | Reached XP level 9. HP: 31/58 MP: 7/20
  8988 | D:8      | Found a sand-covered staircase.
  9006 | D:8      | Noticed Pikel
  9024 | Ossuary  | Entered an ossuary
  9100 | Ossuary  | Reached skill level 1 in Staves
  9349 | D:8      | Killed Pikel
  9350 | D:8      | Reached skill level 5 in Evocations
  9638 | D:8      | Noticed Joseph
  9657 | D:8      | Killed Joseph
  9839 | D:8      | Reached ** piety under Kikubaaqudgha
 10266 | D:8      | Found a staircase to the Lair.
 10631 | D:8      | Noticed Maurice
 10657 | D:8      | Killed Maurice
 10658 | D:8      | Reached XP level 10. HP: 22/68 MP: 4/22
 10661 | D:8      | HP: 1/61 [wight (3)]
 11423 | Lair:1   | Entered Level 1 of the Lair of Beasts
 11460 | Lair:1   | Noticed a six-headed hydra
 11550 | Lair:1   | Noticed a black mamba
 11562 | Lair:1   | Killed a black mamba
 12053 | Lair:1   | Reached skill level 1 in Fighting
 12381 | Lair:1   | Noticed an alligator
 12381 | Lair:1   | a six-headed hydra changed into an alligator
 12390 | Lair:1   | Killed an alligator
 12391 | Lair:1   | Reached skill level 5 in Conjurations
 12613 | Lair:1   | Reached XP level 11. HP: 78/82 MP: 12/23
 13173 | Lair:2   | Noticed an oklob plant
 13775 | Lair:2   | Reached *** piety under Kikubaaqudgha
 13775 | Lair:2   | Received a gift from Kikubaaqudgha
 13781 | Lair:2   | Learned a level 4 spell: Animate Dead
 13786 | Lair:2   | Learned a level 4 spell: Dispel Undead
 13978 | Lair:2   | Reached skill level 5 in Fighting
 14944 | Lair:2   | Reached skill level 10 in Ice Magic
 15206 | Lair:2   | Noticed an oklob plant
 15277 | Lair:3   | Reached skill level 5 in Dodging
 15811 | Lair:3   | Noticed a death yak
 15907 | Lair:2   | Learned a level 5 spell: Agony
 15908 | Lair:3   | Noticed a death yak
 15909 | Lair:3   | Noticed a death yak
 16310 | Lair:3   | Reached XP level 12. HP: 95/95 MP: 8/25
 16312 | Lair:3   | Killed a death yak
 16362 | Lair:2   | Killed a death yak
 16986 | Lair:3   | Found a staircase to the Shoals.
 17252 | Lair:3   | Killed a death yak
 17738 | Lair:4   | Noticed a six-headed hydra
 17746 | Lair:4   | Killed a six-headed hydra
 17762 | Lair:4   | Reached skill level 5 in Staves
 18132 | Lair:4   | Reached **** piety under Kikubaaqudgha
 18303 | Lair:4   | Found a staircase to the Snake Pit.
 19674 | Lair:5   | Noticed a five-headed hydra
 19682 | Lair:5   | Killed a five-headed hydra
 20341 | Lair:5   | Noticed a seven-headed hydra
 20354 | Lair:5   | Killed a seven-headed hydra
 20874 | Lair:6   | Entered Level 6 of the Lair of Beasts
 20880 | Lair:5   | Reached XP level 13. HP: 83/105 MP: 16/26
 21208 | Lair:6   | Reached skill level 10 in Spellcasting
 22107 | Lair:6   | Learned a level 2 spell: Blink
 22134 | Lair:6   | Paralysed by a hornet for 2 turns
 22318 | Lair:6   | Upgraded the game from 0.28-a0-194-g42b4daccc1 to
                  | 0.28-a0-199-g298df9dbad
 22869 | Lair:6   | Reached skill level 10 in Necromancy
 24166 | Lair:6   | Found a staircase to the Slime Pits.
 25393 | D:9      | Found a bloodstained altar of Trog.
 25792 | D:9      | Found a radiant altar of Vehumet.
 25970 | D:9      | Found a stormy altar of Qazlal.
 26009 | D:9      | Found a shadowy altar of Dithmenos.
 26077 | D:9      | Found an iron altar of Okawaru.
 26090 | D:9      | Noticed Maggie
 26102 | D:9      | Killed Maggie
 26446 | D:9      | Found a staircase to the Orcish Mines.
 27018 | D:10     | Entered Level 10 of the Dungeon
 27193 | D:10     | Noticed Psyche
 27199 | D:10     | Killed Psyche
 27487 | D:10     | Found a blossoming altar of Fedhas.
 27502 | D:10     | Found Guegel Jomi's Jewellery Boutique.
 27507 | D:10     | Bought the amulet "Zeamol" {RegenMP rCorr} for 511 gold
                  | pieces
 27512 | D:10     | Bought a ring of wizardry for 360 gold pieces
 27522 | D:10     | Learned a level 6 spell: Death Channel
 28321 | D:11     | Reached XP level 14. HP: 99/116 MP: 3/28
 28525 | D:11     | Found a gate leading to a gauntlet.
 28730 | Gauntlet | Entered a Gauntlet
 28730 | Gauntlet | Found a transporter.
 28809 | Gauntlet | Found a transporter.
 28809 | Gauntlet | Found a transporter.
 28827 | Gauntlet | Found a transporter.
 28830 | Gauntlet | Found a transporter.
 28867 | Gauntlet | Found a transporter.
 28882 | Gauntlet | Found a transporter.
 28884 | Gauntlet | Found a transporter.
 28893 | Gauntlet | Found a transporter.
 28906 | Gauntlet | Noticed a cacodemon
 28908 | Gauntlet | Found a runed translucent gate.
 28909 | Gauntlet | Found a transporter.
 28909 | Gauntlet | Found a runed translucent gate.
 28910 | Gauntlet | Found a runed translucent gate.
 28919 | Gauntlet | Found a transporter.
 28929 | Gauntlet | Found a transporter.
 28961 | Gauntlet | Found a transporter.
 28964 | Gauntlet | Found a transporter.
 29097 | Gauntlet | Reached ***** piety under Kikubaaqudgha
 29386 | Gauntlet | Killed a cacodemon
 29669 | Gauntlet | Identified the +1 glaive of Gluttony {vorpal, Int+2}
 29669 | Gauntlet | Identified the +0 hunting sling of Recklessness {venom,
                  | Str+7}
 29945 | Gauntlet | Identified the +5 long sword of Wisdom {spect, rF+ Int+4}
 30843 | D:11     | You fall into a shaft and drop 2 floors!
 30845 | D:13     | Noticed Snorg
 30941 | D:13     | Noticed Josephine
 30965 | D:13     | Killed Josephine
 31541 | D:13     | Reached skill level 5 in Stealth
 31544 | D:13     | Reached skill level 1 in Long Blades
 31839 | D:13     | Found a gate to the Vaults.
 32158 | D:13     | Killed Snorg
 33378 | D:14     | Found a portal to a secret trove of treasure.
 34699 | D:14     | Found a stormy altar of Qazlal.
 34788 | D:14     | Reached skill level 10 in Fighting
 35416 | D:14     | Reached XP level 15. HP: 86/126 MP: 17/30
 36074 | D:14     | Identified the +1 ring mail of Magic {rCorr}
 36160 | D:14     | Slain by a quicksilver ooze (shapeshifter)

Illustrated notes

Levels and vault maps discovered:
D:1:      ebering_hopf_link, layout_basic, basic_ecumenical_altar
D:2:      layout_loops_corners, serial_shops, shop, nicolae_shop_stone
D:3:      layout_loops_cross, serial_shops, shop_statue, uniq_ijyb, uniq_grinder
D:4:      layout_cave_pods, minmay_temple_entry_waves,
          amcnicky_mini_rare_corridor_liquid
D:5:      layout_rooms, nicolae_uskayaw_murder_on_the_dancefloor
D:6:      layout_gridville, serial_shops, nicolae_shop_stone
D:7:      layout_basic, amcnicky_altar_gilded, kennysheep_nondescript,
          kennysheep_crisscross, uniq_duvessa, uniq_prince_ribbit1,
          uniq_menkaure
D:8:      layout_basic, dpeg_oklobed_lair,
          nicolae_ossuary_entry_false_entrances, uniq_maurice, uniq_pikel,
          uniq_joseph
D:9:      layout_irregular_city, mainiacjoe_overflow_chevrons,
          okawaru_ov_weapons_minmay, vehumet_altar_wand_db,
          trog_three_pillars_becter, nicolae_dithmenos_through_a_glass_darkly,
          zombieorc2_lemuel, uniq_maggie
D:10:     layout_cave_pods, fedhas_altar_3, serial_shops, shop, uniq_psyche
D:11:     layout_basic, gauntlet_entry_generic, minmay_hedge_maze,
          hangedman_misty_isle
D:13:     layout_basic, grunt_vaults_entry_tiered, kennysheep_path_1,
          uniq_snorg, uniq_josephine
D:14:     layout_loops_corners, nicolae_qazlal_general_emergency, enter_trove_1,
          roderic_serpentine_path, minmay_the_grid_square_5x5_3x3_mashed
          [minmay_the_grid_square_5x5_n_small, minmay_the_grid_square_5x5_v,
          minmay_the_grid_square_5x5_minibox, minmay_the_grid_square_5x5_fat_x,
          minmay_the_grid_square_5x5_megaprize_open,
          minmay_the_grid_square_5x5_two,
          minmay_the_grid_square_5x5_beaten_path,
          minmay_the_grid_square_5x5_minimal, minmay_the_grid_square_5x5_comb]
Temple:   nicolae_temple_great_sept
Lair:1:   layout_long_grid
Lair:2:   layout_cave_shapes, kennysheep_abandoned_house,
          infiniplex_staircase_pool_2, lemuel_fruit_fields,
          serial_bayou_shore_b, minmay_lair_oklob_chamber
Lair:3:   layout_roguey, elwin_shoals_entry_rooms, grunt_megastairs_5
Lair:4:   layout_roguey, guppyfry_snake_entry_island, serial_bayou_shore_b,
          grunt_megastairs_4
Lair:5:   layout_loops_ring
Lair:6:   gammafunk_lair_ancient_temple, layout_layer_cave,
          minmay_slime_entry_pillars

Skill      XL: |  1  2  3  4  5  6  7  8  9 10 11 12 13 14 15 |
---------------+----------------------------------------------+-----
Spellcasting   | 3 4 5 6 7 8 9 10 11 | 11.9
Ice Magic      | 5 6 7 8 9 10 11 | 11.4
Necromancy     | 1 3 4 5 6 7 8 9 10 11 | 11.3
Evocations     | 2 4 5 6 |  6.3
Conjurations   | 1 3 5 6 8 |  8.8
Staves         | 3 4 5 7 |  7.5
Fighting       | 3 5 7 8 10 | 10.2
Dodging        | 3 5 6 7 8 9 |  9.0
Stealth        | 3 6 |  6.3
Long Blades    | 3 |  3.9

Action                   |  1- 3 |  4- 6 |  7- 9 | 10-12 | 13-15 || total
-------------------------+-------+-------+-------+-------+-------++-------
Melee: Unarmed           |     2 |       |       |       |       ||     2
       Short sword       |    47 |   108 |    68 |       |       ||   223
       Tailslap          |     5 |    12 |    29 |    43 |   105 ||   194
       Staff             |       |       |   119 |   246 |   378 ||   743
       Mace              |       |       |    20 |     9 |       ||    29
       Morningstar       |       |       |       |   100 |       ||   100
       Long sword        |       |       |       |       |   237 ||   237
Throw: Throwing net      |       |       |     1 |       |       ||     1
 Cast: Freeze            |    44 |    54 |    11 |     1 |       ||   110
       Frozen Ramparts   |       |     7 |    30 |    50 |    47 ||   134
       Ozocubu's Armour  |       |     6 |    26 |    42 |    36 ||   110
       Vampiric Draining |       |       |    33 |   103 |   170 ||   306
       Hailstorm         |       |       |     8 |    13 |    13 ||    34
       Agony             |       |       |       |    10 |    10 ||    20
       Animate Dead      |       |       |       |    12 |    42 ||    54
       Dispel Undead     |       |       |       |       |    34 ||    34
       Death Channel     |       |       |       |       |     6 ||     6
       Blink             |       |       |       |       |     4 ||     4
Invok: Receive Corpses   |       |       |       |     2 |    11 ||    13
 Abil: Breathe Dispellin |       |       |    28 |    13 |    14 ||    55
Evoke: Wand              |       |       |       |     6 |     5 ||    11
       Phial of floods   |       |       |       |       |     2 ||     2
  Use: Scroll            |     4 |     5 |       |    14 |     9 ||    32
       Potion            |       |       |     3 |     1 |     5 ||     9
 Stab: Sleeping          |     5 |       |       |     1 |     3 ||     9
       Distracted        |       |       |       |       |     7 ||     7
Armor: Skin              |    26 |    79 |   121 |   196 |   380 ||   802
Dodge: Dodged            |    53 |   111 |   167 |   339 |   634 ||  1304
       Repelled          |       |       |       |     3 |     7 ||    10
       Rpst.: Long sword |       |       |       |       |    68 ||    68

Table legend: (Time is in decaauts)
 A = Elapsed time spent in this place.
 B = Non-inter-level travel time spent in this place.
 C = Inter-level travel time spent in this place.
 D = Time resting spent in this place.
 E = Time spent auto-exploring this place.
 F = Levels seen in this place.
 G = Mean time per level.
                   A        B        C        D        E       F      G
               +--------+--------+--------+--------+--------+-----+--------+
         Total |  36392 |  35600 |    792 |   9187 |  20218 |  22 | 1654.2 |
       Dungeon |  20394 |  20027 |    367 |   4447 |  12041 |  13 | 1568.8 |
        Temple |    141 |    141 |      0 |      0 |    108 |   1 |  141.0 |
          Lair |  13855 |  13430 |    425 |   3913 |   7309 |   6 | 2309.2 |
       Ossuary |    321 |    321 |      0 |    211 |     18 |   1 |  321.0 |
      Gauntlet |   1679 |   1679 |      0 |    616 |    741 |   1 | 1679.0 |
               +--------+--------+--------+--------+--------+-----+--------+

Top non-repeatable levels by time:
  Lair:6: 3043 daAuts
  Lair:2: 2919 daAuts
  Lair:5: 2840 daAuts
    D:13: 2735 daAuts
    D:14: 2672 daAuts
     D:7: 2351 daAuts
     D:8: 2230 daAuts
  Lair:3: 1868 daAuts
Gauntlet: 1679 daAuts
     D:9: 1631 daAuts
  Lair:4: 1611 daAuts
  Lair:1: 1572 daAuts
     D:2: 1458 daAuts
     D:4: 1367 daAuts
     D:6: 1326 daAuts
